 Dungeon Crawl Stone Soup version 0.22.1-6-g1668fe2 (webtiles) character file.

56039 Kairos the Cleaver (level 14, -15/75 HPs)
             Began as a Vine Stalker Fighter on Jan 23, 2019.
             Was a High Priest of Okawaru.
             Killed from afar by a naga mage (21 damage)
             ... with an orb of energy
             ... on level 1 of the Snake Pit on Jan 24, 2019.
             The game lasted 00:48:33 (18611 turns).

Kairos the Cleaver (Vine Stalker Fighter)          Turns: 18611, Time: 00:48:34

Health: -15/75     AC: 25    Str: 27    XL:     14   Next: 80%
Magic:  0/17       EV: 12    Int: 11    God:    Okawaru [*****.]
Gold:   798        SH: 18    Dex: 14    Spells: 13/13 levels left

rFire    + + .     SeeInvis .   S - +0 broad axe (freeze)
rCold    . . .     Gourm    .   c - +3 shield
rNeg     . . .     Faith    .   O - +1 plate armour {rF+}
rPois    +         Spirit   +   q - +2 hat
rElec    +         Reflect  .   d - +0 cloak {rPois}
rCorr    .         Harm     .   t - +2 pair of gloves
MR       +....                  (no boots)
Stlth    ..........             G - amulet of regeneration
HPRegen  1.42/turn              n - ring "Zydepsup" {rElec rF+ Str+3 Int+3 Stlth-}
MPRegen  0.15/turn              P - ring of poison resistance

@: heroism, very slightly contaminated
A: fangs 3, regeneration 2, magic shield, antimagic bite, no potion heal 3, rot
immunity
a: Heroism, Finesse, Renounce Religion


You were on level 1 of the Snake Pit.
You worshipped Okawaru.
Okawaru was extremely pleased with you.
You were full.

You visited 5 branches of the dungeon, and saw 19 of its levels.
You also visited: Bailey and Ice Cave.

You collected 1448 gold pieces.
You spent 650 gold pieces at shops.

Inventory:

Hand Weapons
 D - a +0 war axe of electrocution
 F - a +0 flail of holy wrath
 S - a +0 broad axe of freezing (weapon)
Missiles
 H - 13 javelins of returning (quivered)
Armour
 c - a +3 shield (worn)
 d - a +0 cloak of poison resistance (worn)
 o - a +1 cloak of invisibility
 q - a +2 hat (worn)
 t - a +2 pair of gloves (worn)
 O - a +1 plate armour of fire resistance (worn)
Jewellery
 b - an uncursed ring of ice
 n - the ring "Zydepsup" (left hand) {rElec rF+ Str+3 Int+3 Stlth-}
   (You found it on level 6 of the Lair of Beasts)

   [ring of strength]

   It affects your strength (+3).
   It affects your intelligence (+3).
   It protects you from fire.
   It insulates you from electricity.
   It makes you less stealthy.
 C - an uncursed ring of protection from fire
 E - the amulet of Tuqikk {Gourm rC+ rN+}
   (You found it on level 8 of the Dungeon)

   [amulet of the gourmand]

   It allows you to eat raw meat even when not hungry.
   It protects you from cold.
   It protects you from negative energy.
 G - an amulet of regeneration (around neck)
 P - a ring of poison resistance (right hand)
Wands
 i - a wand of paralysis (17)
 K - a wand of acid (17)
 Y - a wand of digging (11)
Scrolls
 h - 8 scrolls of teleportation
 p - 5 scrolls of remove curse
 s - 2 scrolls of blinking
 J - 2 scrolls of fear
 L - a scroll of fog
 N - 3 scrolls of immolation
 R - 6 scrolls of magic mapping
 U - 2 scrolls of enchant armour
Potions
 e - 2 potions of berserk rage
 g - 2 potions of haste
 j - 3 potions of lignification
 l - a potion of agility
 r - a potion of invisibility
 u - 5 potions of curing
 v - 3 potions of magic {unknown}
 w - a potion of experience {unknown}
 x - 3 potions of mutation {unknown}
 z - 2 potions of degeneration {unknown}
 A - a potion of heal wounds {unknown}
 Q - a potion of flight {unknown}
 V - a potion of ambrosia {unknown}
 W - a potion of brilliance {unknown}
 Z - a potion of might
Miscellaneous
 B - a lightning rod (4/4)
Comestibles
 f - 37 rations


   Skills:
 + Level 9.1(14.1) Fighting
 + Level 13.2(18.4) Axes
 + Level 3.0(14.3) Maces & Flails
 + Level 10.2(15.2) Armour
 + Level 3.2(8.2) Dodging
 + Level 3.9(8.9) Stealth
 + Level 12.4(17.4) Shields
 + Level 3.0 Invocations
 + Level 0.5 Evocations


You had 13 spell levels left.
You didn't know any spells.
Your spell library contained the following spells:

 Spells                   Type           Power        Failure   Level  Hunger
 Apportation              Tloc           #.....       92%         1    ##.....
 Sting                    Conj/Pois      #...         92%         1    ##.....
 Throw Frost              Conj/Ice       #.....       98%         2    ###....
 Stone Arrow              Conj/Erth      #.....       100%        3    ####...
 Force Lance              Conj/Tloc      #.......     100%        4    #####..
 Passage of Golubria      Tloc           N/A          100%        4    #####..
 Petrify                  Tmut/Erth      #.......     100%        4    #####..
 Summon Lightning Spire   Summ/Air       #.......     100%        4    #####..
 Lightning Bolt           Conj/Air       #.........   100%        5    ######.
 Silence                  Hex/Air        #.........   100%        5    ######.
 Conjure Ball Lightning   Conj/Air       #.........   100%        6    #######
 Deflect Missiles         Chrm/Air       #.........   100%        6    #######
 Disjunction              Tloc           #.........   100%        8    #######
 Tornado                  Air            #.........   100%        9    #######


Dungeon Overview and Level Annotations

Branches:
Dungeon (10/15)            Temple (1/1) D:5            Lair (6/6) D:10
 Shoals (1/4) Lair:2        Snake (1/4) Lair:2        Slime (0/5) Lair:5
    Orc (0/2) D:10

Altars:
Ashenzari
Cheibriados
Dithmenos
Elyvilon
Fedhas
Hepliaklqana
Kikubaaqudgha
Makhleb
Nemelex Xobeh
Okawaru
Sif Muna
Uskayaw
Wu Jian
Xom
Yredelemnul

Shops:
D:5 =

Annotations:
D:8 exclusion: oklob plant
Lair:4 exclusion: oklob plant
Lair:6 exclusion: 3 oklob plants
Snake:1 Asterion


Innate Abilities, Weirdness & Mutations

You have razor-sharp teeth.
You heal very quickly.
When hurt, damage is shared between your health and your magic reserves.
Your bite disrupts and absorbs the magic of your enemies.
Potions cannot restore your health.
You are immune to rotting.


Message History

The guardian serpent hits you but does no damage.
The balrug gestures at you. Makhleb smites you!
* * * LOW HITPOINT WARNING * * *
The naga mage spits poison at you. You block the splash of poison.
You block the guardian serpent's attack.
The balrug gestures at you. Makhleb smites you!
* * * LOW HITPOINT WARNING * * *
You block the naga's attack. The naga grabs you. The naga constricts you.
Blink to where?
Press: ? - help, Dir - move target cursor You escape the naga's grasp.
As you read the scroll of blinking, it crumbles to dust.
Asterion mumbles some strange prayers to Makhleb.
Asterion seems to speed up.
The naga mage casts a spell at you. The orb of energy hits you!
You die...

#.†)2NS#
##.N#§##
#####....#
..###...##
####.####...##
#....##HN....#
#.##...NSN...#
#.#..†N.######
#...@#..#
#...##..#
#.).....#
##.####}# #.#
#.# #.# #.#
..# .# ###


You could see Asterion, a guardian serpent, 2 naga magi and 2 nagas.

Vanquished Creatures
  A frost giant (IceCv)
  Nessos (Lair:5)
  Fannar (Lair:2)
  9 hydras
  Harold (Lair:2)
  A catoblepas (Lair:6)
  8 death yaks
  A deep troll shaman (Lair:6)
  An anaconda (Snake:1)
  Pikel (D:4)
  A lindwurm (Lair:6)
  A merfolk siren (Lair:2)
  An ice statue (IceCv)
  5 elephants (Lair:6)
  10 black mambas
  6 spiny frogs
  4 rime drakes
  3 komodo dragons
  A queen bee (Lair:2)
  16 polar bears
  A troll (D:9)
  A hornet (D:10)
  17 blink frogs
  A slime creature (Lair:5)
  9 hippogriffs
  Sigmund (D:5)
  36 yaks
  3 wyverns
  A hungry ghost (D:7)
  3 basilisks
  2 nagas (Snake:1)
  17 water moccasins
  11 porcupines
  2 ice beasts (D:6)
  2 sky beasts
  A slave (D:3)
  4 phantoms
  19 orc warriors
  6 black bears
  3 ogres
  34 wolves
  7 centaurs
  9 crocodiles
  2 big kobolds (D:7)
  11 bullfrogs
  A wyvern skeleton (D:2)
  A water moccasin zombie (D:5)
  A water moccasin skeleton (D:6)
  2 scorpions
  32 killer bees
  2 howler monkeys (D:6)
  4 crimson imps
  A bullfrog zombie (D:8)
  4 hounds
  4 jellies
  5 orc priests
  8 orc wizards
  2 bullfrog skeletons
  2 centaur skeletons
  A gnoll shaman (D:7)
  Terence (D:3)
  2 iguanas
  18 worker ants
  7 hell rats (Lair:2)
  A worker ant zombie (D:10)
  Robin (D:3)
  A howler monkey skeleton (D:5)
  4 gnolls (D:7)
  14 river rats (Lair:2)
  16 adders
  A shadow imp (D:5)
  An adder skeleton (D:5)
  4 dart slugs
  8 leopard geckos
  53 orcs
  8 bats
  12 giant cockroaches
  17 goblins
  9 hobgoblins
  15 jackals
  19 kobolds
  12 quokkas
  3 ball pythons
  5 frilled lizards
  A leopard gecko skeleton (D:7)
  A leopard gecko zombie (D:8)
  18 rats
  5 fungi
  A plant (Lair:6)
604 creatures vanquished.

Vanquished Creatures (others)
  2 polar bears (IceCv)
  A yak (IceCv)
  A wolf (IceCv)
  18 fungi
  10 plants
32 creatures vanquished.

Grand Total: 636 creatures vanquished

Notes
Turn   | Place    | Note
-------+----------+-------------------------------------------
     0 | D:1      | Kairos the Vine Stalker Fighter began the quest for the
                  | Orb.
     0 | D:1      | Reached XP level 1. HP: 11/11 MP: 2/2
    99 | D:1      | Reached XP level 2. HP: 16/16 MP: 3/3
   330 | D:1      | Reached skill level 2 in Axes
   330 | D:1      | Reached XP level 3. HP: 9/20 MP: 2/4
  1352 | D:2      | Gained mutation: Your natural rate of healing is unusually
                  | fast. [Vine Stalker growth]
  1352 | D:2      | Reached XP level 4. HP: 21/24 MP: 5/5
  1571 | D:2      | Reached skill level 3 in Axes
  1571 | D:2      | Reached XP level 5. HP: 25/28 MP: 4/6
  1986 | D:3      | Noticed Robin
  1996 | D:3      | Killed Robin
  2012 | D:3      | Noticed Terence
  2036 | D:3      | Killed Terence
  2120 | D:3      | Reached XP level 6. HP: 32/32 MP: 7/7
  2593 | D:4      | Noticed a slave
  2594 | D:4      | Noticed a slave
  2594 | D:4      | Noticed a slave
  2595 | D:4      | Noticed Pikel
  2595 | D:4      | Noticed a slave
  2633 | D:3      | Killed a slave
  2923 | D:4      | Reached skill level 4 in Axes
  2923 | D:4      | Reached XP level 7. HP: 36/36 MP: 8/8
  3028 | D:4      | Killed Pikel
  3028 | D:4      | Reached skill level 5 in Armour
  3028 | D:4      | Reached skill level 1 in Dodging
  3028 | D:4      | Gained mutation: You have razor-sharp teeth. [Vine Stalker
                  | growth]
  3028 | D:4      | Reached XP level 8. HP: 12/42 MP: 2/9
  3160 | D:4      | Found a shadowy altar of Dithmenos.
  3362 | D:5      | Entered Level 5 of the Dungeon
  3384 | D:5      | Identified the Catalogue of Orientation and Stones
  3464 | D:5      | Reached skill level 5 in Axes
  3648 | D:5      | Noticed Sigmund
  3655 | D:5      | Killed Sigmund
  3655 | D:5      | Reached skill level 5 in Shields
  3708 | D:5      | Found a staircase to the Ecumenical Temple.
  3755 | Temple   | Entered the Ecumenical Temple
  3775 | Temple   | Became a worshipper of Warmaster Okawaru
  3903 | D:5      | Found Teasadd's Jewellery Emporium.
  4170 | D:6      | Reached XP level 9. HP: 46/46 MP: 10/10
  4490 | D:6      | Reached * piety under Okawaru
  4644 | D:6      | Reached skill level 5 in Fighting
  5538 | D:7      | Reached skill level 6 in Axes
  5577 | D:7      | Reached skill level 1 in Stealth
  5795 | D:7      | Reached ** piety under Okawaru
  6477 | D:8      | Reached XP level 10. HP: 51/51 MP: 11/11
  6616 | D:8      | Reached skill level 7 in Axes
  6871 | D:8      | Found a blossoming altar of Fedhas.
  6895 | D:8      | Noticed an oklob plant
  7333 | D:8      | Got a warped steel amulet
  7800 | D:5      | Bought an uncursed amulet of regeneration for 390 gold
                  | pieces
  7800 | D:5      | Identified the amulet of Tuqikk {Gourm rC+ rN+} (You found
                  | it on level 8 of the Dungeon)
  7960 | D:9      | Found a flagged portal.
  7986 | Bailey   | Entered a bailey
  9129 | D:9      | Reached *** piety under Okawaru
  9198 | D:9      | Noticed a hand axe
  9233 | D:9      | Noticed a hand axe
  9234 | D:9      | Found a hide-covered altar of Uskayaw.
  9332 | D:9      | Found a runed door.
  9410 | D:9      | Found a runed door.
  9428 | D:9      | Reached XP level 11. HP: 56/56 MP: 12/12
  9582 | D:10     | Entered Level 10 of the Dungeon
  9595 | D:9      | Reached skill level 8 in Axes
  9684 | D:10     | Reached **** piety under Okawaru
  9734 | D:10     | Reached skill level 1 in Invocations
  9882 | D:10     | Found a staircase to the Lair.
 10045 | D:10     | Paralysed by a hornet for 2 turns
 10064 | D:10     | Reached skill level 9 in Axes
 10246 | D:10     | Found a staircase to the Orcish Mines.
 10500 | D:5      | Bought an uncursed ring of poison resistance for 260 gold
                  | pieces
 10613 | Lair:1   | Entered Level 1 of the Lair of Beasts
 10684 | Lair:1   | Noticed a four-headed hydra
 10701 | Lair:1   | Killed a five-headed hydra
 10718 | Lair:1   | Reached ***** piety under Okawaru
 10808 | Lair:1   | Reached skill level 1 in Maces & Flails
 10818 | Lair:1   | Received a gift from Okawaru
 10855 | Lair:1   | Noticed a death yak
 10872 | Lair:1   | Killed a death yak
 10886 | Lair:1   | Gained mutation: You heal very quickly. [Vine Stalker
                  | growth]
 10886 | Lair:1   | Reached XP level 12. HP: 34/62 MP: 14/14
 11665 | Lair:2   | Found a frozen archway.
 11691 | IceCv    | Entered an ice cave
 11719 | IceCv    | Reached skill level 10 in Axes
 12324 | IceCv    | Received a gift from Okawaru
 12389 | IceCv    | Reached skill level 10 in Shields
 12712 | IceCv    | Reached skill level 11 in Axes
 12882 | IceCv    | Noticed a frost giant
 12882 | IceCv    | Noticed a death yak
 12911 | IceCv    | Killed a frost giant
 12915 | IceCv    | Killed a death yak
 12927 | IceCv    | Reached XP level 13. HP: 20/67 MP: 15/15
 13860 | Lair:2   | Noticed Fannar
 13884 | Lair:2   | Killed Fannar
 13927 | Lair:2   | Found a staircase to the Shoals.
 14004 | Lair:2   | Found a staircase to the Snake Pit.
 14018 | Lair:2   | Received a gift from Okawaru
 14143 | Lair:2   | Noticed Harold
 14204 | Lair:2   | Killed Harold
 14469 | Shoals:1 | Entered Level 1 of the Shoals
 14469 | Shoals:1 | Noticed a merfolk impaler
 14805 | Lair:3   | Reached skill level 12 in Axes
 15239 | Lair:4   | Found an ornate altar of the Wu Jian Council.
 16328 | Lair:5   | Reached ****** piety under Okawaru
 16378 | Lair:5   | Found a staircase to the Slime Pits.
 16391 | Lair:5   | Reached XP level 14. HP: 65/73 MP: 16/16
 16549 | Lair:5   | Noticed Nessos
 16567 | Lair:5   | Killed Nessos
 16869 | Lair:5   | You fall through a shaft!
 16869 | Lair:6   | Entered Level 6 of the Lair of Beasts
 16878 | Lair:6   | Received a gift from Okawaru
 16908 | Lair:6   | Reached skill level 10 in Armour
 17102 | Lair:6   | Identified the Tome of the Sage
 17123 | Lair:6   | Got a shimmering copper ring
 17128 | Lair:6   | Identified the ring "Zydepsup" {rElec rF+ Str+3 Int+3
                  | Stlth-} (You found it on level 6 of the Lair of Beasts)
 17387 | Lair:6   | Reached skill level 13 in Axes
 18147 | Lair:4   | Identified a scroll of acquirement
 18560 | Snake:1  | Entered Level 1 of the Snake Pit
 18590 | Snake:1  | Noticed Asterion
 18593 | Snake:1  | Received a gift from Okawaru
 18601 | Snake:1  | Noticed a balrug
 18609 | Snake:1  | HP: 3/75 [balrug/divine providence[Asterion] (9)]
 18611 | Snake:1  | Killed from afar by a naga mage

Skill      XL: |  1  2  3  4  5  6  7  8  9 10 11 12 13 14 |
---------------+-------------------------------------------+-----
Fighting       | 3 4 5 6 7 8 9 |  9.1
Axes           | 2 3 4 5 6 7 9 11 12 13 | 13.2
Shields        | 3 4 5 6 8 9 10 11 12 | 12.4
Armour         | 3 4 5 6 7 8 9 10 | 10.2
Dodging        | 1 2 3 |  3.2
Stealth        | 1 2 3 |  3.9
Invocations    | 1 2 3 |  3.0
Maces & Flails | 1 2 3 |  3.0
Evocations     | |  0.5

Action                   |  1- 3 |  4- 6 |  7- 9 | 10-12 | 13-15 || total
-------------------------+-------+-------+-------+-------+-------++-------
Melee: War axe           |   118 |    33 |       |       |       ||   151
       Bite              |    23 |    41 |    85 |   245 |   245 ||   639
       Hand axe          |       |   136 |   267 |   438 |    19 ||   860
       Broad axe         |       |       |       |   243 |   591 ||   834
       Flail             |       |       |       |     9 |    67 ||    76
Invok: Heroism           |       |       |       |    30 |    17 ||    47
       Finesse           |       |       |       |     2 |     2 ||     4
 Abil: Evoke Invisibilit |       |       |       |     1 |       ||     1
Evoke: Wand              |       |       |       |     5 |     1 ||     6
  Use: Scroll            |     1 |       |    11 |     9 |    12 ||    33
       Potion            |       |       |       |     1 |     1 ||     2
 Stab: Invisible         |       |       |       |     4 |       ||     4
       Petrified         |       |       |       |       |     6 ||     6
       Paralysed         |       |       |       |       |     4 ||     4
       Petrifying        |       |       |       |       |     3 ||     3
  Eat: Chunk             |     2 |     4 |     7 |    12 |     7 ||    32
       Ration            |       |       |     2 |     4 |     4 ||    10
Armor: Scale mail        |    74 |    63 |    51 |       |       ||   188
       Chain mail        |       |       |     8 |   118 |       ||   126
       Plate armour      |       |       |       |   145 |   325 ||   470
Dodge: Dodged            |    38 |    45 |    61 |   193 |   205 ||   542
Block: Shield            |    83 |    78 |   140 |   657 |   624 ||  1582
